 Dungeon Crawl Stone Soup version 0.30-a0-696-g2367cd04db (webtiles) character file.

Game seed: 16230613717340821702

43506 wormed the Covert (level 13, -2/231 HPs)
             Began as a Demonspawn Fire Elementalist on Jan 21, 2023.
             Was a High Priest of Vehumet.
             Slain by a hell hound (5 damage)
             ... on level 5 of the Lair of Beasts.
             The game lasted 00:48:50 (21475 turns).

wormed the Covert (Demonspawn Fire Elementalist)   Turns: 21475, Time: 00:48:51

Health: -2/231     AC: 26    Str:  9    XL:     13   Next: 91%
Magic:  35/35      EV:  2    Int: 26    God:    Vehumet [*****.]
Gold:   715        SH:  5    Dex: 15    Spells: 9/30 levels left

rFire   . . .      SeeInvis .    (no weapon)
rCold   x . .      Faith    .    h - +0 buckler of Happiness {rC- Int+6 Slay+2}
rNeg    . . .      Spirit   .    (body armour currently unavailable)
rPois   +          Reflect  .    (helmet currently unavailable)
rElec   .          Harm     .    (cloak currently unavailable)
rCorr   .          Rampage  .    (gloves currently unavailable)
Will    .....      NoTele   +    (boots currently unavailable) Stlth
                                 O - amulet of regeneration
HPRegen 1.38/turn                b - ring of poison resistance
MPRegen 0.24/turn                e - ring of magical power

@: agile, berserking, tree-form, invisible, very quick
A: stationary, stasis, torment immunity, boosted hp, (horns 2), (thin metallic
scales 2), powered by death 2, powered by pain 3
a: Renounce Religion


You were on level 5 of the Lair of Beasts.
You worshipped Vehumet.
Vehumet was extremely pleased with you.
You were a tree.
You visited 3 branches of the dungeon, and saw 16 of its levels.

You collected 1147 gold pieces.
You spent 432 gold pieces at shops.

Inventory:

Armour
 f - a +2 cloak of stealth (melded)
 h - the +0 buckler of Happiness (worn) {rC- Int+6 Slay+2}
   (You acquired it on level 5 of the Lair of Beasts)

   Int:       It affects your intelligence (+6).
   Slay:      It affects your accuracy & damage with ranged weapons and melee
   (+2).
   rC:        It makes you vulnerable to cold.
 s - a +1 hat (melded)
 B - a +2 leather armour of cold resistance
 E - a +0 leather armour of fire resistance (melded)
 G - the +1 pair of gloves of Miutoemm (melded) {rElec rPois Str+3}
   (You found it on level 1 of the Lair of Beasts)

   Str:       It affects your strength (+3).
   rElec:     It insulates you from electricity.
   rPois:     It protects you from poison.
 P - a +2 pair of boots (melded)
Magical Staves
 p - a staff of fire
Jewellery
 b - a ring of poison resistance (left branch)
 e - a ring of magical power (right branch)
 L - a ring of willpower
 O - an amulet of regeneration (around neck)
Wands
 r - a wand of digging (6)
 u - a wand of charming (5) (quivered)
 A - a wand of flame (7)
Scrolls
 a - 3 scrolls of blinking
 c - 2 scrolls of magic mapping
 g - 2 scrolls of brand weapon
 k - a scroll of immolation {unknown}
 q - 8 scrolls of fog
 v - 5 scrolls of enchant armour
 w - 6 scrolls of enchant weapon
 D - a scroll of vulnerability
 J - 2 scrolls of poison
 K - a scroll of amnesia
Potions
 d - 3 potions of invisibility
 i - 5 potions of curing
 j - 4 potions of degeneration
 m - 3 potions of lignification
 n - 2 potions of cancellation
 o - 3 potions of flight
 t - 3 potions of brilliance
 x - a potion of might
 z - 6 potions of mutation
 I - 3 potions of attraction


   Skills:
 + Level 9.9 Fighting
 + Level 9.2 Dodging
 + Level 10.2 Stealth
 - Level 5.0 Shields
 + Level 9.2 Spellcasting
 + Level 10.0 Conjurations
 + Level 9.5 Fire Magic


You had 9 spell levels left.
You knew the following spells:

 Your Spells              Type           Power      Damage    Failure   Level
a - Foxfire               Conj/Fire      100%       2x1d9     1%          1
b - Scorch                Fire           100%       2d10      1%          2
c - Inner Flame           Hex/Fire       36%        N/A       1%          3
d - Fireball              Conj/Fire      29%        3d13      1%          5
s - Starburst             Conj/Fire      29%        6d9       4%          6
w - Flame Wave            Conj/Fire      58%        2d14      1%          4

Your spell library contained the following spells:

 Spells                   Type           Power      Damage    Failure   Level
 Freeze                   Ice            48%        1d6       1%          1
 Shock                    Conj/Air       100%       1d9       1%          1
 Dazzling Flash           Conj/Hex       76%        N/A       1%          3
 Hailstorm                Conj/Ice       38%        3d9       1%          3
 Ignite Poison            Fire/Tmut/Pois 28%        N/A       1%          3
 Kindle Blastsparks       Fire/Tloc/Air  56%        2d14      1%          3
 Stone Arrow              Conj/Erth      76%        3d11      1%          3
 Sticky Flame             Conj/Fire      58%        2d7       1%          4
 Iskenderun's Battlesphe  Conj           59%        2d11      1%          5
 Poisonous Vapours        Pois/Air       24%        N/A       2%          2
 Iskenderun's Mystic Bla  Conj/Tloc      38%        2d9       2%          4
 Frozen Ramparts          Ice            24%        1d4       5%          3
 Beastly Appendage        Tmut           24%        N/A       6%          1
 Sting                    Tmut/Pois      48%        1d5       6%          1
 Irradiate                Conj/Tmut      19%        3d18      6%          5
 Airstrike                Air            6%         2d(1-17)  17%         4
 Olgreb's Toxic Radiance  Pois           12%        N/A       17%         4
 Swiftness                Air            12%        N/A       19%         3
 Tukima's Dance           Hex            12%        N/A       19%         3
 Iron Shot                Conj/Erth      19%        9d4       30%         6
 Yara's Violent Unravell  Hex/Tmut       6%         3d5       41%         5
 Animate Armour           Summ/Erth      24%        N/A       54%         4
 Ice Form                 Ice/Tmut       12%        N/A       54%         4
 Passage of Golubria      Tloc           12%        N/A       54%         4
 Petrify                  Tmut/Erth      12%        N/A       54%         4
 Summon Ice Beast         Ice/Summ       12%        N/A       54%         4
 Agony                    Necr           12%        N/A       87%         5
 Silence                  Hex/Air        6%         N/A       87%         5
 Ignition                 Fire           29%        3d9       87%         8
 Lehudib's Crystal Spear  Conj/Erth      19%        10d6      100%        8


Dungeon Overview and Level Annotations

Branches:
Dungeon (10/15)            Temple (1/1) D:6            Lair (5/5) D:8
 Shoals (0/4) Lair:3        Snake (0/4) Lair:3        Slime (0/5) Lair:5
    Orc: D:9-12

Altars:
Ashenzari
Cheibriados
Dithmenos
Fedhas
Gozag
Hepliaklqana
Makhleb
Nemelex Xobeh
Okawaru
Qazlal
Ru
Sif Muna
Trog
Uskayaw
Vehumet
Wu Jian
Xom
Yredelemnul
Jiyva

Shops:
D:1 :   D:3 ?   D:4 (   D:5 (=*[

Annotations:
D:9 Erica


Innate Abilities, Weirdness & Mutations

You are a tree.
Your roots penetrate the ground, keeping you stationary.
You cannot be teleported.
You are immune to unholy pain and torment.
Your maximum health is greatly increased.
Your equipment is partially melded.
((You have a pair of horns on your head.))
((You are mostly covered in thin metallic scales. (AC +3)))
You regenerate health from kills.
You are powered by pain.


Message History

You hit the hell hound.
The hell hound is severely wounded.
You block the hell hound's attack.
The hell hound bites you but does no damage. x2
You block the hell hound's attack.
You closely miss the hell hound.
The hell hound is severely wounded.
The hell hound bites you.
* * * LOW HITPOINT WARNING * * *
The hell hound bites you.
* * * LOW HITPOINT WARNING * * *
The hell hound bites you but does no damage.
The hell hound bites you.
* * * LOW HITPOINT WARNING * * *
You hit the hell hound.
The hell hound is almost dead.
The hell hound bites you but does no damage. x2
The hell hound breathes flames at you. The blast of flame hits you!
* * * LOW HITPOINT WARNING * * *
You focus on the pain.
You feel agile all of a sudden. You block the hell hound's attack.
You hit the hell hound.
The hell hound is lightly wounded.
The hell hound breathes flames at you. The blast of flame hits you!
* * * LOW HITPOINT WARNING * * *
The hell hound bites you but does no damage. x2
You block the hell hound's attack.
You smack the hell hound!
The hell hound is moderately wounded.
The hell hound bites you but does no damage. x3
The hell hound bites you.
* * * LOW HITPOINT WARNING * * *
You barely miss the hell hound.
The hell hound is moderately wounded.
The hell hound bites you but does no damage. x3
The hell hound bites you.
You die...

..P...................#..........
.#...............................
.##..............................
.................................
.................................
...............^.................
.................................
.................................
................♣h...............
P..............hhh...............
.................................
##...............................
##(..............................
#.............<..................
###..............................
#.#..............................
##.......#.......................


You could see 4 hell hounds.

Vanquished Creatures
  3 catoblepae
  2 hydras
  2 two-headed ogres
  An alligator (Lair:5)
  3 death yaks (Lair:5)
  A wolf spider (Lair:5)
  3 elephants (Lair:3)
  A guardian serpent (Lair:5)
  11 black mambas
  A gargoyle (D:10)
  A torpor snail (Lair:5)
  8 cane toads
  2 rime drakes (Lair:4)
  An efreet (Lair:5)
  5 komodo dragons
  13 polar bears
  A hellwing (Lair:5)
  3 raiju (Lair:5)
  4 hornets
  7 dream sheep (Lair:5)
  7 blink frogs
  A slime creature (D:6)
  A spriggan (D:7)
  36 yaks
  13 wyverns
  2 basilisks (Lair:1)
  2 redbacks (Lair:5)
  6 wargs (Lair:5)
  15 water moccasins
  3 hell hounds (Lair:5)
  5 nagas (Lair:3)
  2 sky beasts (D:7)
  4 ice beasts (D:7)
  3 orc warriors
  47 wolves
  13 black bears
  3 centaurs
  A phantom (D:7)
  3 kobold brigands
  10 bullfrogs
  2 necrophages (D:6)
  5 scorpions
  A gnoll sergeant (D:7)
  11 wights
  3 howler monkeys
  An electric eel (D:7)
  3 hounds (D:5)
  A jelly (D:6)
  An orc priest (D:3)
  2 gnoll boudas (D:7)
  9 iguanas
  2 hell rats (Lair:5)
  6 orc wizards
  5 gnolls (D:7)
  5 adders
  A white imp (D:7)
  An ufetubus (D:5)
  2 worms (D:2)
  25 orcs
  6 bats
  An endoplasm (D:4)
  6 giant cockroaches
  2 goblins
  6 hobgoblins
  4 quokkas
  4 ball pythons
  3 frilled lizards
  27 kobolds
  10 rats
  A spectral kobold (D:7)
  2 bushes
408 creatures vanquished.

Vanquished Creatures (collateral kills)
  10 foxfires
10 creatures vanquished.

Vanquished Creatures (others)
  A sky beast (D:7)
  670 foxfires
  18 fungi
  128 plants
817 creatures vanquished.

Grand Total: 1235 creatures vanquished

Notes
Turn   | Place    | Note
-------+----------+-------------------------------------------
     0 | D:1      | wormed the Demonspawn Fire Elementalist began the quest for
                  | the Orb.
     0 | D:1      | Reached XP level 1. HP: 13/13 MP: 3/3
    12 | D:1      | Found Upolajie's Book Shoppe.
   242 | D:1      | Gained mutation: You regenerate a little health from kills.
                  | [demonic ancestry]
   242 | D:1      | Reached XP level 2. HP: 20/20 MP: 1/5
   645 | D:1      | Learned a level 2 spell: Scorch
   780 | D:2      | Gained mutation: You are partially covered in thin metallic
                  | scales. (AC +2) [demonic ancestry]
   780 | D:2      | Reached XP level 3. HP: 23/25 MP: 3/6
  1335 | D:2      | Found a faded altar of an unknown god.
  1753 | D:2      | Found an iron altar of Okawaru.
  2012 | D:2      | Reached skill level 1 in Fighting
  2360 | D:3      | Learned a level 3 spell: Inner Flame
  2370 | D:3      | Found Cior's Magic Scroll Shoppe.
  2449 | D:3      | Gained mutation: You have a pair of small horns on your
                  | head. [demonic ancestry]
  2449 | D:3      | Reached XP level 4. HP: 32/32 MP: 1/7
  3386 | D:3      | Found a sacrificial altar of Ru.
  3386 | D:3      | Found a snail-covered altar of Cheibriados.
  3642 | D:4      | Noticed a scorpion
  3805 | D:4      | Found Ysazu's Weapon Shoppe.
  3811 | D:4      | Gained mutation: You sometimes gain a little power by
                  | taking damage. [demonic ancestry]
  3811 | D:4      | Reached XP level 5. HP: 37/37 MP: 3/8
  4564 | D:5      | Entered Level 5 of the Dungeon
  4574 | D:5      | Found Arghe's Antique Weapon Boutique.
  4707 | D:5      | Found a sparkling altar of Nemelex Xobeh.
  4770 | D:5      | Reached XP level 6. HP: 40/44 MP: 4/10
  4828 | D:5      | Found Qoitraz's Jewellery Boutique.
  5140 | D:5      | Reached XP level 7. HP: 51/51 MP: 5/11
  5489 | D:5      | Found Jiag's Antique Armour Shop.
  5550 | D:5      | Found Axaepp's General Store.
  5988 | D:6      | Identified the +8 mace "Roaphi" {freeze, rC++ Str-4}
  6299 | D:6      | Gained mutation: You sometimes gain power by taking damage.
                  | [demonic ancestry]
  6299 | D:6      | Reached XP level 8. HP: 57/58 MP: 5/13
  7063 | D:6      | Found a staircase to the Ecumenical Temple.
  7095 | Temple   | Entered the Ecumenical Temple
  7303 | Temple   | Became a worshipper of Vehumet
  8202 | D:7      | Reached skill level 5 in Fire Magic
  8693 | D:6      | Gained mutation: You regenerate health from kills. [demonic
                  | ancestry]
  8693 | D:6      | Reached XP level 9. HP: 36/66 MP: 0/16
  8849 | D:7      | Reached skill level 5 in Stealth
  9005 | D:7      | Reached skill level 5 in Conjurations
  9070 | D:7      | Reached skill level 5 in Dodging
  9141 | D:6      | Reached skill level 5 in Spellcasting
  9521 | D:7      | Reached * piety under Vehumet
  9521 | D:7      | Offered knowledge of Kiss of Death by Vehumet.
  9542 | D:7      | Reached skill level 5 in Fighting
  9789 | D:7      | Identified the +5 hand axe of Departure {heavy, Will+ rCorr
                  | Dex-3}
  9931 | D:7      | Noticed a two-headed ogre
  9948 | D:7      | Killed a two-headed ogre
  9974 | D:7      | Learned a level 4 spell: Flame Wave
 10296 | D:7      | Found a hazy altar of Hepliaklqana.
 10560 | D:7      | Found an ornate altar of the Wu Jian Council.
 10740 | D:8      | Identified the +9 trident "Womamoc" {holy, Fly rC+}
 10836 | D:8      | Found a bloodstained altar of Trog.
 10874 | D:8      | Gained mutation: You are powered by pain. [demonic
                  | ancestry]
 10874 | D:8      | Reached XP level 10. HP: 76/76 MP: 18/18
 10910 | D:8      | Found a staircase to the Lair.
 11151 | D:8      | Found a stormy altar of Qazlal.
 11215 | D:8      | Found an iron altar of Okawaru.
 11965 | D:8      | Identified a scroll of acquirement
 11965 | D:8      | Acquired Ifail's Almanac of Spatial Blows
 12110 | D:9      | You fall into a shaft and drop 1 floor!
 12110 | D:10     | Entered Level 10 of the Dungeon
 12231 | D:10     | Noticed a gargoyle
 12241 | D:10     | Killed a gargoyle
 12558 | D:9      | Noticed Erica
 12645 | D:9      | Found a shadowy altar of Dithmenos.
 12986 | D:9      | Reached ** piety under Vehumet
 12989 | D:9      | Offered knowledge of Sandblast by Vehumet.
 13187 | D:9      | Noticed a two-headed ogre
 13193 | D:9      | Killed a two-headed ogre
 13419 | D:9      | Found a burning altar of Makhleb.
 13549 | D:10     | Noticed a gargoyle
 13603 | D:8      | Learned a level 5 spell: Fireball
 13604 | Lair:1   | Entered Level 1 of the Lair of Beasts
 13628 | Lair:1   | Identified the +1 pair of gloves of Miutoemm {rElec rPois
                  | Str+3}
 13737 | Lair:1   | Reached XP level 11. HP: 83/83 MP: 20/20
 13745 | Lair:1   | Noticed a catoblepas
 13907 | D:8      | Reached skill level 1 in Shields
 14023 | Lair:1   | Killed a catoblepas
 14784 | Lair:2   | Offered knowledge of Mephitic Cloud by Vehumet.
 15513 | Lair:2   | Noticed a catoblepas
 15791 | Lair:2   | Killed a catoblepas
 15921 | Lair:3   | Noticed an eight-headed hydra
 15929 | Lair:3   | Killed an eight-headed hydra
 16315 | Lair:3   | Reached *** piety under Vehumet
 16404 | Lair:3   | Found a staircase to the Shoals.
 16648 | Lair:3   | Gained mutation: You are mostly covered in thin metallic
                  | scales. (AC +3) [demonic ancestry]
 16648 | Lair:3   | Reached XP level 12. HP: 92/92 MP: 23/23
 16913 | Lair:3   | Found a staircase to the Snake Pit.
 16977 | Lair:3   | Offered knowledge of Ignite Poison by Vehumet.
 17574 | D:1      | Bought an Everburning Encyclopedia for 432 gold pieces
 17794 | Lair:3   | Noticed a catoblepas
 17802 | Lair:3   | Killed a catoblepas
 17803 | Lair:3   | Reached skill level 5 in Shields
 17936 | Lair:4   | Noticed a four-headed hydra
 17941 | Lair:4   | Killed a four-headed hydra
 17947 | Lair:4   | Reached **** piety under Vehumet
 17951 | Lair:4   | Offered knowledge of Freezing Cloud by Vehumet.
 18315 | Lair:5   | Entered Level 5 of the Lair of Beasts
 19241 | Lair:5   | Gained mutation: You have a pair of horns on your head.
                  | [demonic ancestry]
 19241 | Lair:5   | Reached XP level 13. HP: 95/100 MP: 17/25
 19549 | Lair:5   | Reached ***** piety under Vehumet
 19755 | Lair:5   | Acquired the Lessons on Underground Shapeshifting
 19759 | Lair:5   | Acquired the +0 buckler of Happiness {rC- Int+6 Slay+2}
 19820 | Lair:5   | Offered knowledge of Lightning Bolt by Vehumet.
 20695 | Lair:5   | Found a viscous altar of Jiyva.
 20696 | Lair:5   | Found a staircase to the Slime Pits.
 20863 | Lair:5   | Reached skill level 10 in Stealth
 21137 | Lair:5   | Reached skill level 10 in Conjurations
 21291 | Lair:5   | Identified the +6 chain mail "Usein" {rPois Will+++ rCorr
                  | Stlth-}
 21380 | Lair:5   | Offered knowledge of Starburst by Vehumet.
 21389 | Lair:5   | Learned a level 6 spell: Starburst
 21473 | Lair:5   | HP: 2/231 [hell hound/blast of flame (12)]
 21475 | Lair:5   | Slain by a hell hound

Illustrated notes

Levels and vault maps discovered:
D:1:      minmay_arrival_plants_in_alcoves, layout_rooms, serial_shops, shop
D:2:      layout_loops_corners, basic_altar, ebering_ecumenical_altar_box,
          nicolae_elevator_lobby_asterisk
D:3:      layout_basic, gammafunk_temple_overflow_wave, serial_shops,
          nicolae_shop_hallway_stairs, st_stairs_9, dk_noncrumbling_2, hex_large
D:4:      layout_rooms, serial_shops, nicolae_shop_statue_plus
D:5:      layout_rooms, nemelex_xobeh_ov_fountains_minmay, serial_shops,
          nicolae_shop_crystal, shop_statue, shop_statue, nicolae_lakefront_shop
D:6:      layout_loops_corners, temple_statues,
          hangedman_abyss_or_decor_stagger, minmay_misc_feat_plants
D:7:      nzn_winding_woodlands_cross
          [nzn_winding_woodlands_5x15_river_crossing,
          nzn_winding_woodlands_5x15_garden, nzn_winding_woodlands_5x15_cabin,
          nzn_winding_woodlands_5x15_default,
          nzn_winding_woodlands_15x15_five_gardens], layout_loops_ring,
          nicolae_wu_jian_immortal_techniques,
          nicolae_hepliaklqana_monster_ancestors, dk_noncrumbling_3
D:8:      layout_basic, lemuel_crystal_altar, trog_three_pillars_becter,
          grunt_qazlal_clouds, dpeg_oklobed_lair
D:9:      layout_roguey, mainiacjoe_overflow_big_doors, uniq_erica
D:10:     layout_cave_pools, mainiacjoe_overflow_brackets, gammafunk_ghost_icy,
          hive_lemuel
Temple:   chequers_temple_sunken
Lair:1:   layout_cave_shapes, wad_woods_road_01
Lair:2:   layout_long_grid
Lair:3:   layout_misc_corridors, elwin_shoals_entry_rocks,
          minmay_snake_entry_guardpost_large, hibernation_bobbens,
          serial_bayou_shore_b
Lair:4:   layout_roguey, minmay_stone_trees_medium, st_stairs_8,
          grunt_forest_large_clearings, grunt_megastairs_4
Lair:5:   hangedman_lair_tendril_chambers, layout_cave_shapes,
          hangedman_lair_caniforms_friends, dpeg_slime_entry_corner

Skill      XL: |  1  2  3  4  5  6  7  8  9 10 11 12 13 |
---------------+----------------------------------------+-----
Stealth        | 2 3 4 6 7 8 9 10 | 10.2
Dodging        | 2 3 4 5 6 7 8 9 |  9.2
Fire Magic     | 3 4 5 6 7 8 9 |  9.5
Fighting       | 1 2 3 4 5 6 7 8 9 |  9.9
Conjurations   | 2 3 4 5 7 9 10 | 10.0
Spellcasting   | 3 4 5 6 7 8 9 |  9.2
Shields        | 4 5 |  5.0

Action                   |  1- 3 |  4- 6 |  7- 9 | 10-12 | 13-15 || total
-------------------------+-------+-------+-------+-------+-------++-------
Melee: Unarmed           |    11 |       |       |       |     7 ||    18
       Staff             |       |    25 |    32 |   103 |    40 ||   200
       Headbutt          |       |     8 |     8 |    38 |    12 ||    66
       Punch             |       |       |     1 |       |       ||     1
 Cast: Foxfire           |    33 |    14 |    91 |   160 |    94 ||   392
       Scorch            |    37 |    42 |   134 |   176 |    39 ||   428
       Inner Flame       |       |       |     1 |   104 |    78 ||   183
       Flame Wave        |       |       |       |     3 |     5 ||     8
       Fireball          |       |       |       |     5 |     4 ||     9
       Starburst         |       |       |       |       |     2 ||     2
Evoke: Wand              |       |       |     1 |     1 |    16 ||    18
  Use: Potion            |     1 |       |     2 |     4 |     5 ||    12
       Scroll            |     7 |     3 |     2 |    14 |     4 ||    30
 Stab: Invisible         |       |       |     2 |       |       ||     2
Armor: Robe              |    10 |     1 |       |       |       ||    11
       Leather armour    |       |    19 |    52 |   100 |    76 ||   247
       Skin              |       |       |       |       |    29 ||    29
Dodge: Dodged            |    17 |    23 |   103 |   148 |   161 ||   452
Block: Buckler           |       |       |       |    40 |    66 ||   106

Table legend: (Time is in decaauts)
 A = Elapsed time spent in this place.
 B = Non-inter-level travel time spent in this place.
 C = Inter-level travel time spent in this place.
 D = Time resting spent in this place.
 E = Time spent auto-exploring this place.
 F = Levels seen in this place.
 G = Mean time per level.
                   A        B        C        D        E       F      G
               +--------+--------+--------+--------+--------+-----+--------+
         Total |  21616 |  19842 |   1774 |    360 |  15881 |  16 | 1351.0 |
       Dungeon |  13985 |  12455 |   1530 |     28 |  10343 |  10 | 1398.5 |
        Temple |    280 |    245 |     35 |      0 |    235 |   1 |  280.0 |
          Lair |   7350 |   7142 |    208 |    332 |   5302 |   5 | 1470.0 |
               +--------+--------+--------+--------+--------+-----+--------+

Top non-repeatable levels by time:
  Lair:5: 3171 daAuts
     D:6: 2621 daAuts
     D:7: 2096 daAuts
     D:8: 1645 daAuts
     D:2: 1563 daAuts
     D:3: 1522 daAuts
  Lair:3: 1366 daAuts
     D:5: 1310 daAuts
  Lair:2: 1283 daAuts
  Lair:1: 1114 daAuts
     D:9: 1103 daAuts
     D:4: 960 daAuts
     D:1: 917 daAuts
  Lair:4: 414 daAuts
  Temple: 280 daAuts
